 Dungeon Crawl Stone Soup version 0.25.0-26-g0c896c7088 (webtiles) character file.

Game seed: 4444437646573183814

29134 protoss039 the Jinx (level 13, -7/77 HPs)
             Began as a Vampire Enchanter on July 4, 2020.
             Was a High Priest of Dithmenos.
             Mangled by Snorg (10 damage)
             ... on level 14 of the Dungeon.
             The game lasted 02:13:17 (18444 turns).

protoss039 the Jinx (Vampire Enchanter)            Turns: 18444, Time: 02:13:17

Health: -7/77      AC: 11    Str:  7    XL:     13   Next: 13%
Magic:  22/22      EV: 19    Int: 18    God:    Dithmenos [*****.]
Gold:   1194       SH:  0    Dex: 19    Spells: 2/24 levels left

rFire    . . .     SeeInvis +   I - +3 dagger (chaos)
rCold    + + .     Gourm    .   (no shield)
rNeg     + + +     Faith    .   b - +0 robe
rPois    ∞         Spirit   .   t - +1 helmet
rElec    .         Reflect  .   y - +1 cloak {Stlth+}
rCorr    .         Harm     .   (no gloves)
MR       +....                  p - +0 pair of boots
Stlth    ++++++++++             c - amulet of regeneration
HPRegen  0.00/turn              A - +4 ring of protection
MPRegen  0.18/turn              E - +4 ring of evasion

@: marked, very slightly contaminated, bloodless, wreathed by umbra
A: no food, fangs 3, see invisible, unbreathing
a: Bat Form, Revivify, Shadow Step, Shadow Form, Renounce Religion


You were on level 14 of the Dungeon.
You worshipped Dithmenos.
Dithmenos was extremely pleased with you.
You were bloodless.

You visited 2 branches of the dungeon, and saw 15 of its levels.
You also visited: Bailey and Ice Cave.

You collected 1794 gold pieces.
You spent 600 gold pieces at shops.

Inventory:

Hand Weapons
 f - a +2 dagger of freezing
 I - a +3 dagger of chaos (weapon)
 P - a +2 dagger of venom
Missiles
 g - 13 atropa-tipped darts
 h - 3 curare-tipped darts
 j - 56 poisoned darts (quivered)
Armour
 b - a +0 robe (worn)
 p - a +0 pair of boots (worn)
 q - the cursed +1 ring mail "Zoetofu" {rF+}
   (You found it on level 4 of the Dungeon)

   It protects you from fire.
   It has a curse placed upon it.
 t - a +1 helmet (worn)
 y - a +1 cloak of stealth (worn)
 F - +0 acid dragon scales
Jewellery
 c - an amulet of regeneration (around neck)
 A - a +4 ring of protection (left hand)
 D - an uncursed ring of ice {unknown}
 E - a +4 ring of evasion (right hand)
 K - an uncursed ring of stealth
 Q - an uncursed ring of flight {unknown}
 R - an uncursed ring of protection from fire {unknown}
 S - an uncursed amulet of the acrobat {unknown}
Wands
 r - a wand of polymorph (9)
 z - a wand of flame (36)
 B - a wand of digging (7)
 H - a wand of iceblast (20)
 J - a wand of acid (7)
 M - a wand of disintegration (7)
Scrolls
 d - 6 scrolls of remove curse
 e - 3 scrolls of enchant weapon
 k - 4 scrolls of enchant armour
 L - a scroll of amnesia
 N - a scroll of fear
 O - a scroll of fog
Potions
 a - 2 potions of invisibility
 i - 7 potions of curing
 l - 3 potions of brilliance
 m - a potion of flight
 n - 7 potions of might
 s - 4 potions of resistance
 u - 4 potions of berserk rage
 v - a potion of magic
 w - 2 potions of lignification
 C - 3 potions of mutation
 G - 4 potions of stabbing


   Skills:
 + Level 7.6 Fighting
 - Level 10.0 Short Blades
 - Level 4.0 Dodging
 - Level 13.0 Stealth
 - Level 6.0 Spellcasting
 - Level 14.0 Hexes
 - Level 6.0 Ice Magic
 - Level 10.0 Invocations


You had 2 spell levels left.
You knew the following spells:

 Your Spells              Type           Power        Failure   Level  Hunger
a - Corona                Hex            ######.      1%          1    N/A
b - Confusing Touch       Hex            ######..     1%          3    N/A
c - Ensorcelled Hibernat  Hex/Ice        #####.       1%          2    N/A
d - Tukima's Dance        Hex            ######..     1%          3    N/A
e - Dazzling Flash        Conj/Hex       ####..       1%          3    N/A
f - Cause Fear            Hex            ######....   1%          4    N/A
g - Invisibility          Hex            ######..     6%          6    N/A

Your spell library contained the following spells:

 Spells                   Type           Power        Failure   Level  Hunger
 Freeze                   Ice            ####         1%          1    N/A
 Apportation              Tloc           #.....       12%         1    N/A
 Magic Dart               Conj           #...         12%         1    N/A
 Summon Butterflies       Summ           #.......     12%         1    N/A
 Searing Ray              Conj           #.....       19%         2    N/A
 Frozen Ramparts          Ice            ####..       3%          3    N/A
 Fulminant Prism          Conj/Hex       ####......   7%          4    N/A
 Ozocubu's Armour         Chrm/Ice       ###.....     11%         3    N/A
 Silence                  Hex/Air        ####......   19%         5    N/A
 Yara's Violent Unravell  Hex/Tmut       ####......   19%         5    N/A
 Lesser Beckoning         Tloc           #.........   34%         3    N/A
 Recall                   Summ/Tloc      N/A          34%         3    N/A
 Hailstorm                Conj/Ice       ###.....     34%         4    N/A
 Summon Ice Beast         Ice/Summ       ###.....     34%         4    N/A
 Animate Dead             Necr           N/A          75%         4    N/A
 Iskenderun's Mystic Bla  Conj/Tloc      #.......     75%         4    N/A
 Discord                  Hex            ######....   94%         8    N/A
 Alistair's Intoxication  Tmut/Pois      #.......     97%         5    N/A
 Borgnjor's Vile Clutch   Necr/Erth      #.........   97%         5    N/A
 Simulacrum               Ice/Necr       ###.......   99%         6    N/A
 Death Channel            Necr           #.........   100%        6    N/A

Dungeon Overview and Level Annotations

Branches:
Dungeon (14/15)            Temple (1/1) D:4            Lair (0/6) D:8
    Orc (0/2) D:9          Bailey (visited)           IceCv (visited)
 Vaults: D:13-14

Altars:
Ashenzari
Cheibriados
Dithmenos
Elyvilon
Fedhas
Gozag
Hepliaklqana
Kikubaaqudgha
Makhleb
Nemelex Xobeh
Okawaru
Qazlal
Ru
Sif Muna
Trog
Uskayaw
Vehumet
Wu Jian
Xom
Yredelemnul
Zin
The Shining One

Shops:
D:10 :   D:11 ?

Annotations:
D:3 3 exclusions
D:6 2 exclusions
D:7 3 exclusions
D:8 1 exclusion
D:11 1 exclusion
D:12 1 exclusion
D:13 Jorgrun
D:14 Snorg


Innate Abilities, Weirdness & Mutations

You do not eat.
You do not regenerate when monsters are visible.
You are frail without blood (-20% HP).
You can heal yourself when you bite living creatures.
You are immune to poison.
You have razor-sharp teeth.
You have supernaturally acute eyesight. (SInv)
You can survive without breathing.


Message History

Unknown command.
Okay, then.
Okay, then.
Okay, then.
You can't eat.
You feel much better. The bullfrog misses you. Snorg closely misses you.
Snorg completely misses you. Snorg barely misses you.
The bullfrog completely misses you.
Unknown command.
Unknown command.
Unknown command.
Okay, then.
Magic courses through your body. Snorg misses you.
Snorg claws you but does no damage. Snorg claws you! The bullfrog misses you.
Snorg bites you!!
* * * LOW HITPOINT WARNING * * *
You emit a cloud of dark smoke.
Snorg claws you.
* * * LOW HITPOINT WARNING * * *
Snorg claws you!
You die...

.......#######.....# #...#
.......#....##.....# #.†.+
.......#...........## #..#...#
.......#............# ...#...#
.......#....##.....# ...#...#
.......#.†..##.....#######..##..#
#####)##....##.....##...##..##..#
...............F>..#........#...[
........)..CQ..T@§.'........#....
........[.....*§§§.#........#....
..........)).......#........#....
...................#........'....
#################################


You could see Snorg (berserk), a cyclops, a tengu conjurer (confused), a
bullfrog and a battlesphere.

Vanquished Creatures
  Josephine (D:12)
  Erolcha (D:12)
  2 ice dragons (IceCv)
  A centaur warrior (D:13)
  4 two-headed ogres
  An unseen horror (D:11)
  4 orc knights
  Pikel (D:7)
  A manticore (D:12)
  A deep elf mage (D:13)
  2 ugly things
  A centaur zombie (D:13)
  2 molten gargoyles (D:13)
  2 ice statues (IceCv)
  A gargoyle (D:13)
  Psyche (D:8)
  Maggie (D:8)
  2 rime drakes (IceCv)
  A kobold demonologist (D:13)
  2 trolls
  A hornet (D:14)
  Grinder (D:4)
  Prince Ribbit (D:6)
  6 hippogriffs
  11 yaks
  6 wraiths
  5 wyverns
  A hungry ghost (D:10)
  3 vampire mosquitoes (D:13)
  A soldier ant (D:12)
  2 acid dragons (D:11)
  A water moccasin (D:11)
  Duvessa (D:7)
  A porcupine (D:8)
  12 orc warriors
  4 sky beasts
  14 ice beasts
  3 phantoms
  2 slaves (D:7)
  A black bear (D:7)
  An eye of draining (D:12)
  A necrophage (D:10)
  6 ogres
  2 centaurs
  A crocodile (D:7)
  4 big kobolds
  12 bullfrogs
  A gnoll sergeant (D:5)
  Blork the orc (D:4)
  A wyvern zombie (D:12)
  Dowan (D:7)
  2 scorpions
  3 killer bees (D:13)
  7 wights
  8 howler monkeys
  5 crimson imps
  A quasit (D:11)
  A bullfrog zombie (D:9)
  3 hounds
  6 bullfrog skeletons
  16 orc priests
  A jelly (D:8)
  4 centaur skeletons
  Ijyb (D:3)
  5 iguanas
  15 orc wizards
  5 worker ants
  A hound skeleton (D:5)
  A mummy (D:7)
  2 worker ant zombies
  13 gnolls
  10 adders
  An ooze (D:2)
  2 adder zombies
  2 adder skeletons
  3 worms
  A dart slug (D:3)
  9 leopard geckos
  37 orcs
  7 giant cockroaches
  11 goblins
  4 hobgoblins
  3 jackals
  8 bats
  4 frilled lizards
  26 kobolds
  A quokka skeleton (D:8)
  4 rats (D:3)
373 creatures vanquished.

Vanquished Creatures (collateral kills)
  An orc knight (Bailey)
  Edmund (D:5)
  2 orc warriors
  2 ogres
  2 gnolls (D:9)
  18 orcs
  A hobgoblin (D:4)
27 creatures vanquished.

Vanquished Creatures (others)
  5 dancing weapons
  An ice beast (IceCv)
  A bush (D:4)
7 creatures vanquished.

Grand Total: 407 creatures vanquished

Notes
Turn   | Place    | Note
-------+----------+-------------------------------------------
     0 | D:1      | protoss039 the Vampire Enchanter began the quest for the
                  | Orb.
     0 | D:1      | Reached XP level 1. HP: 13/13 MP: 3/3
   201 | D:1      | Reached XP level 2. HP: 11/19 MP: 3/5
  1109 | D:2      | Found an iron altar of Okawaru.
  1110 | D:2      | Reached XP level 3. HP: 19/19 MP: 6/6
  1252 | D:2      | Reached skill level 5 in Hexes
  1286 | D:2      | Found an ornate altar of the Wu Jian Council.
  1493 | D:2      | Learned a level 3 spell: Confusing Touch
  1513 | D:2      | Learned a level 2 spell: Ensorcelled Hibernation
  1643 | D:2      | Found a blossoming altar of Fedhas.
  1643 | D:2      | Found a shimmering altar of Xom.
  2190 | D:3      | Reached XP level 4. HP: 26/27 MP: 7/7
  2297 | D:3      | Reached skill level 5 in Stealth
  2789 | D:4      | Got a bloodstained ring mail
  2955 | D:4      | Noticed Blork the orc
  3105 | D:3      | Reached XP level 5. HP: 15/25 MP: 4/9
  3676 | D:4      | Found a staircase to the Ecumenical Temple.
  3683 | Temple   | Entered the Ecumenical Temple
  3712 | Temple   | Became a worshipper of Dithmenos the Shadowed
  3813 | D:4      | Killed Blork the orc
  3813 | D:4      | Reached skill level 1 in Fighting
  4045 | D:4      | Noticed Ijyb
  4075 | D:4      | Noticed Grinder
  4162 | D:3      | Killed Ijyb
  4162 | D:3      | Reached skill level 6 in Hexes
  4162 | D:3      | Reached XP level 6. HP: 34/34 MP: 7/10
  4224 | D:3      | Learned a level 3 spell: Tukima's Dance
  4815 | D:4      | Killed Grinder
  4815 | D:4      | Reached skill level 1 in Invocations
  4815 | D:4      | Reached XP level 7. HP: 37/48 MP: 7/12
  4941 | D:4      | HP: 1/48 [orc wizard/magic dart (5)]
  5085 | D:4      | Identified the cursed +1 ring mail "Zoetofu" {rF+} (You
                  | found it on level 4 of the Dungeon)
  5095 | D:4      | Learned a level 3 spell: Dazzling Flash
  5096 | D:5      | Entered Level 5 of the Dungeon
  5429 | D:5      | Noticed Edmund
  5444 | D:5      | Killed Edmund
  5444 | D:5      | Reached skill level 7 in Hexes
  5846 | D:5      | Reached * piety under Dithmenos
  6005 | D:5      | Found a glowing golden altar of the Shining One.
  6139 | D:5      | Reached XP level 8. HP: 56/56 MP: 7/14
  6320 | D:5      | Found a white marble altar of Elyvilon.
  6630 | D:4      | Found a radiant altar of Vehumet.
  6919 | D:6      | Reached skill level 5 in Spellcasting
  7019 | D:6      | Reached skill level 8 in Hexes
  7256 | D:6      | Found a sacrificial altar of Ru.
  7411 | D:6      | Noticed Prince Ribbit
  7418 | D:6      | Killed Prince Ribbit
  7626 | D:7      | Found a snail-covered altar of Cheibriados.
  7832 | D:7      | Reached XP level 9. HP: 49/49 MP: 17/17
  8270 | D:7      | Found a sparkling altar of Nemelex Xobeh.
  8271 | D:7      | Noticed Duvessa
  8271 | D:7      | Noticed Dowan
  8456 | D:7      | Noticed Pikel
  8511 | D:7      | Killed Pikel
  8511 | D:7      | Reached skill level 10 in Stealth
  8511 | D:7      | Reached skill level 1 in Ice Magic
  8584 | D:7      | Reached ** piety under Dithmenos
  8587 | D:7      | Reached skill level 9 in Hexes
  8823 | D:7      | Killed Dowan
  8993 | D:7      | Killed Duvessa
  9237 | D:7      | Noticed a troll
  9247 | D:7      | Killed a troll
  9292 | D:7      | Found a shattered altar of Ashenzari.
  9406 | D:8      | Reached skill level 10 in Hexes
  9510 | D:8      | Noticed Maggie
  9642 | D:8      | Killed Maggie
  9642 | D:8      | Reached XP level 10. HP: 38/56 MP: 5/19
  9885 | D:8      | Reached skill level 5 in Invocations
 10269 | D:8      | Noticed Psyche
 10275 | D:8      | Killed Psyche
 10279 | D:8      | Found a hide-covered altar of Uskayaw.
 10529 | D:8      | Learned a level 3 spell: Lesser Beckoning
 10541 | D:8      | Learned a level 6 spell: Invisibility
 10559 | D:8      | Found a staircase to the Lair.
 10731 | D:8      | Reached skill level 11 in Hexes
 10734 | D:8      | Reached *** piety under Dithmenos
 11040 | D:9      | Found a staircase to the Orcish Mines.
 11149 | D:9      | Found a flagged portal.
 11157 | Bailey   | Entered a bailey
 11855 | Bailey   | Noticed an orc knight
 11855 | Bailey   | Noticed an orc knight
 11908 | Bailey   | Killed an orc knight
 11914 | Bailey   | Noticed an orc knight
 11925 | Bailey   | Killed an orc knight
 11987 | Bailey   | Reached skill level 12 in Hexes
 12005 | Bailey   | Noticed an orc knight
 12017 | Bailey   | Killed an orc knight
 12134 | Bailey   | Noticed an orc knight
 12153 | Bailey   | Killed an orc knight
 12153 | Bailey   | Reached skill level 5 in Ice Magic
 12153 | Bailey   | Reached XP level 11. HP: 22/61 MP: 9/20
 12164 | Bailey   | HP: 3/61 [gnoll/+0 spear[an orc warrior] (3)]
 12340 | D:9      | Killed an orc knight
 12884 | D:9      | Reached **** piety under Dithmenos
 13256 | D:10     | Entered Level 10 of the Dungeon
 13651 | D:10     | Found Orofanuo's Book Shop.
 13654 | D:10     | Bought a book of Hexes for 600 gold pieces
 14039 | D:10     | Learned a level 4 spell: Cause Fear
 14155 | D:10     | Noticed a two-headed ogre
 14157 | D:10     | Killed a two-headed ogre
 14282 | D:11     | Found Wimmoeno's Magic Scroll Emporium.
 14672 | D:11     | Noticed a two-headed ogre
 14674 | D:11     | Reached ***** piety under Dithmenos
 14676 | D:11     | Noticed a two-headed ogre
 14696 | D:11     | Killed a two-headed ogre
 14781 | D:11     | Killed a two-headed ogre
 14858 | D:11     | Reached skill level 10 in Invocations
 14939 | D:11     | Noticed an unseen horror
 14941 | D:11     | Killed an unseen horror
 15140 | D:11     | Reached skill level 13 in Hexes
 15266 | D:12     | Reached XP level 12. HP: 46/66 MP: 14/21
 15395 | D:12     | Noticed Josephine
 15421 | D:12     | Noticed Erolcha
 15431 | D:12     | Killed Josephine
 15431 | D:12     | Reached skill level 14 in Hexes
 15791 | D:12     | Reached skill level 5 in Fighting
 15887 | D:12     | Reached skill level 5 in Short Blades
 16131 | D:12     | Killed Erolcha
 16533 | D:13     | Noticed a centaur warrior
 16547 | D:13     | Killed a centaur warrior
 16639 | D:13     | Noticed Jorgrun
 16722 | D:13     | Found a frozen archway.
 16772 | IceCv    | Entered an ice cave
 17332 | IceCv    | Noticed an ice dragon
 17332 | IceCv    | Noticed an ice dragon
 17336 | IceCv    | Killed an ice dragon
 17336 | IceCv    | Reached skill level 10 in Short Blades
 17339 | IceCv    | Killed an ice dragon
 17339 | IceCv    | Reached XP level 13. HP: 76/76 MP: 22/22
 18426 | D:14     | Noticed Snorg
 18444 | D:14     | HP: 3/77 [Snorg (2)]
 18444 | D:14     | Mangled by Snorg

Illustrated notes

Levels and vault maps discovered:
D:1:      eino_arrival_cavern_e, layout_basic, moated_statue, minmay_tall_x
D:2:      layout_loops_ring, okawaru_gym_becter,
          gammafunk_temple_overflow_statue, lemuel_doored_altar
D:3:      layout_loops_corners
D:4:      layout_basic, vehumet_altar_wand_db, minmay_temple_entry_wispy,
          first_ration, minmay_hedge_maze, uniq_ijyb, uniq_grinder,
          uniq_blork_the_orc
D:5:      layout_loops_corners, tso_oasis_becter, overflow_temple_1_default,
          uniq_edmund
D:6:      layout_loops_cross, kennysheep_mini, kennysheep_doodads,
          uniq_prince_ribbit1
D:7:      layout_basic, nemelex_xobeh_ov_fountains_minmay, slow_altar_1,
          marbit_many_paths, hangedman_abyss_or_decor_stagger,
          dk_noncrumbling_3, uniq_duvessa, uniq_pikel
D:8:      layout_gridville, eat_drink_and_be_merry_uskayaw,
          grunt_lair_entry_orc_guard_hut, uniq_psyche, uniq_maggie
D:9:      layout_roguey, orc_david_3, enter_bailey_2
D:10:     layout_long_grid, serial_shops, nicolae_shop_behind_doors,
          grunt_ogre_cave, nicolae_straight_to_the_point
D:11:     layout_roguey, serial_shops, shop_scrolls, minmay_misc_feat_square,
          hangedman_corner_corridor
D:12:     layout_basic, uniq_josephine, uniq_erolcha
D:13:     layout_roguey, grunt_vaults_entry_tiered,
          portal_ice_cave_entry_pillars_1, minivault_8, uniq_sonja,
          uniq_jorgrun, uniq_frances
D:14:     layout_gridville, tgw_sif, uniq_snorg
Temple:   cyrus_temple_forest

Skill      XL: |  1  2  3  4  5  6  7  8  9 10 11 12 13 |
---------------+----------------------------------------+-----
Hexes          | 5 6 7 8 10 12 13 14 | 14.0
Stealth        | 5 6 7 9 11 13 | 13.0
Short Blades   | 2 3 4 10 | 10.0
Fighting       | 1 2 3 4 6 7 |  7.6
Spellcasting   | 3 4 5 6 |  6.0
Dodging        | 3 4 |  4.0
Invocations    | 1 2 3 4 6 10 | 10.0
Ice Magic      | 3 5 6 |  6.0

Action                   |  1- 3 |  4- 6 |  7- 9 | 10-12 | 13-15 || total
-------------------------+-------+-------+-------+-------+-------++-------
Melee: Dagger            |   156 |   306 |   186 |   568 |    51 ||  1267
       Bite              |     9 |    51 |    11 |    45 |     7 ||   123
Throw: Dart              |       |       |       |     1 |       ||     1
 Cast: Corona            |    42 |    18 |    35 |    72 |     7 ||   174
       Confusing Touch   |     2 |     5 |    15 |    33 |     8 ||    63
       Ensorcelled Hiber |       |    21 |    84 |   145 |    10 ||   260
       Tukima's Dance    |       |     1 |     5 |    41 |     3 ||    50
       Dazzling Flash    |       |       |     4 |    11 |     1 ||    16
       Invisibility      |       |       |       |     8 |     4 ||    12
       Cause Fear        |       |       |       |     2 |     1 ||     3
 Abil: Exsanguinate      |     1 |     1 |     1 |       |       ||     3
       Revivify          |     1 |     1 |       |       |       ||     2
Evoke: Wand              |       |       |       |     1 |       ||     1
  Use: Potion            |       |     3 |     1 |    11 |     3 ||    18
       Scroll            |       |       |    14 |    21 |     1 ||    36
 Stab: Sleeping          |     9 |    18 |    62 |   158 |    11 ||   258
       Confused          |     2 |     5 |    12 |    26 |     3 ||    48
       Distracted        |       |       |       |     2 |       ||     2
       Invisible         |       |       |       |     4 |     7 ||    11
       Petrifying        |       |       |       |     3 |       ||     3
       Paralysed         |       |       |       |     3 |       ||     3
Armor: Robe              |    29 |     8 |    35 |   102 |     4 ||   178
Dodge: Dodged            |   125 |    54 |   136 |   448 |    46 ||   809
